| TOP OF THE 1ST |
|
Binghamton Mets batting - Pitching for Atlanta (MID) Braves : LHP Marco Berrios
|
|
Pitching: LHP Marco Berrios
|
|
|
Batting: RHB Oscar Bravo
|
0-0: Fly out, F8 (Flyball, 8LD, EV 103.1 MPH)
|
|
Batting: RHB Jack Nickleberry
|
0-0: Ball 1-0: Ground out 6-3 (Groundball, 6, EV 100.0 MPH)
|
|
Batting: SHB Masatoshi Akahoshi
|
0-0: Ball 1-0: Foul Ball, location: 2F 1-1: Ball 2-1: Ground out 1-3 (Groundball, 34S, EV 74.4 MPH)
|
| Top of the 1st over - 0 runs, 0 hits, 0 errors, 0 left on base; Binghamton 0 - Atlanta (MID) 0 |
| BOTTOM OF THE 1ST |
|
Atlanta (MID) Braves batting - Pitching for Binghamton Mets : RHP Jose Lara
|
|
Pitching: RHP Jose Lara
|
|
|
Batting: RHB Toki Takeuchi
|
0-0: Foul Ball, location: 2F 0-1: Ground out 5-3 (Groundball, 56S, EV 66.9 MPH)
|
|
Batting: RHB Joe Young
|
0-0: Ball 1-0: Ball 2-0: Foul Ball, location: 2F 2-1: Ball 3-1: Ground out 6-3 (Groundball, 6, EV 106.2 MPH)
|
|
Batting: LHB Erik Gretzky
|
0-0: Called Strike 0-1: Called Strike 0-2: Ground out U3 (Groundball, 3L, EV 100.0 MPH)
|
| Bottom of the 1st over - 0 runs, 0 hits, 0 errors, 0 left on base; Binghamton 0 - Atlanta (MID) 0 |
| TOP OF THE 2ND |
|
Binghamton Mets batting - Pitching for Atlanta (MID) Braves : LHP Marco Berrios
|
|
Batting: SHB Alex Cavazos
|
0-0: Ball 1-0: Ball 2-0: Called Strike 2-1: Ball 3-1: Foul Ball, location: 2F 3-2: Base on Balls
|
|
Batting: RHB Chris Artz
|
0-0: Called Strike 0-1: Grounds into double play, 6-4-3 (Groundball, 6, EV 100.6 MPH)
|
|
Batting: SHB Jerry Burrows
|
0-0: Ball 1-0: SINGLE (Groundball, 56D, EV 96.9 MPH)
|
|
Batting: SHB Keith Casner
|
0-0: Fly out, F9 (Flyball, 9LSF, EV 80.0 MPH)
|
| Top of the 2nd over - 0 runs, 1 hit, 0 errors, 1 left on base; Binghamton 0 - Atlanta (MID) 0 |
| BOTTOM OF THE 2ND |
|
Atlanta (MID) Braves batting - Pitching for Binghamton Mets : RHP Jose Lara
|
|
Batting: SHB Richello Badua
|
0-0: Ball 1-0: Called Strike 1-1: Ball 2-1: Ball 3-1: Called Strike 3-2: Base on Balls
|
|
Batting: RHB Brandon Burrell
|
0-0: Called Strike Richello Badua steals 2nd base 0-1: Ball 1-1: Swinging Strike 1-2: Ball 2-2: Ground out 5-3 (Groundball, 56, EV 105.0 MPH)
|
|
Batting: SHB Ian Arlotta
|
0-0: Called Strike 0-1: Ball 1-1: Ground out U3 (Groundball, 3, EV 83.8 MPH) Richello Badua to third
|
|
Batting: RHB Mike Shook
|
0-0: Called Strike 0-1: Ball 1-1: Swinging Strike 1-2: Foul Ball, location: 2F 1-2: Ball 2-2: Ball 3-2: 2-RUN HOME RUN (Line Drive, 7D, EV 95.6 MPH), Distance : 385 ft
|
|
Batting: RHB Ingidayehu Lagat
|
0-0: Called Strike 0-1: Ball 1-1: Called Strike 1-2: Foul Ball, location: 2F 1-2: Ball 2-2: Foul Ball, location: 2F 2-2: Ground out 6-3 (Groundball, 6, EV 106.9 MPH)
|
| Bottom of the 2nd over - 2 runs, 1 hit, 0 errors, 0 left on base; Binghamton 0 - Atlanta (MID) 2 |
| TOP OF THE 3RD |
|
Binghamton Mets batting - Pitching for Atlanta (MID) Braves : LHP Marco Berrios
|
|
Batting: RHB Mike Hanks
|
0-0: Fly out, F7 (Line Drive, 7S, EV 100.0 MPH)
|
|
Batting: RHB Jim Freels
|
0-0: Ball 1-0: Foul Ball, location: 2F 1-1: Ball 2-1: Swinging Strike 2-2: Foul Ball, location: 2F 2-2: Ball 3-2: Strikes out swinging
|
|
Batting: RHB Oscar Bravo
|
0-0: Called Strike 0-1: Swinging Strike 0-2: Ball 1-2: Strikes out swinging
|
| Top of the 3rd over - 0 runs, 0 hits, 0 errors, 0 left on base; Binghamton 0 - Atlanta (MID) 2 |
| BOTTOM OF THE 3RD |
|
Atlanta (MID) Braves batting - Pitching for Binghamton Mets : RHP Jose Lara
|
|
Batting: RHB David Zelaya
|
0-0: Swinging Strike 0-1: Ball 1-1: Ball 2-1: Foul Ball, location: 2F 2-2: SINGLE (Groundball, 56D, EV 109.4 MPH)
|
|
Batting: RHB Toki Takeuchi
|
0-0: Ball David Zelaya steals 2nd, throwing error, E2 David Zelaya to third 1-0: Bunt missed! 1-1: Ball 2-1: Ball 3-1: Base on Balls
|
|
Batting: RHB Joe Young
|
0-0: Called Strike Toki Takeuchi steals 2nd base (no throw) 0-1: Swinging Strike 0-2: Foul Ball, location: 2F 0-2: Ball 1-2: SINGLE (Flyball, 6MD, EV 92.5 MPH) David Zelaya scores Toki Takeuchi to third
|
|
Batting: LHB Erik Gretzky
|
0-0: Called Strike Joe Young is caught stealing 2nd base 2-6 0-1: Foul Ball, location: 2F 0-2: Ball 1-2: Foul Ball, location: 2F 1-2: Fly out, F9 (Line Drive, 9, EV 95.0 MPH) Runner from 3rd tags up, SCORES, throw by RF
|
|
Batting: SHB Richello Badua
|
0-0: Ball 1-0: Foul Ball, location: 2F 1-1: Ball 2-1: Foul Ball, location: 2F 2-2: Foul Ball, location: 2F 2-2: Ball 3-2: Base on Balls
|
|
Batting: RHB Brandon Burrell
|
0-0: Ball Richello Badua is caught stealing 2nd base 2-4
|
| Bottom of the 3rd over - 2 runs, 2 hits, 1 error, 0 left on base; Binghamton 0 - Atlanta (MID) 4 |
| TOP OF THE 4TH |
|
Binghamton Mets batting - Pitching for Atlanta (MID) Braves : LHP Marco Berrios
|
|
Batting: RHB Jack Nickleberry
|
0-0: Foul Ball, location: 2F 0-1: Reached on error, E6 (Groundball, 6S, EV 66.2 MPH)
|
|
Batting: SHB Masatoshi Akahoshi
|
0-0: Foul Ball, location: 2F 0-1: Foul Ball, location: 2F 0-2: Strikes out swinging
|
|
Batting: SHB Alex Cavazos
|
0-0: Ball 1-0: Grounds into double play, 5-4-3 (Groundball, 5, EV 83.1 MPH)
|
| Top of the 4th over - 0 runs, 0 hits, 1 error, 0 left on base; Binghamton 0 - Atlanta (MID) 4 |
| BOTTOM OF THE 4TH |
|
Atlanta (MID) Braves batting - Pitching for Binghamton Mets : RHP Jose Lara
|
|
Batting: RHB Brandon Burrell
|
0-0: Ball 1-0: Fly out, F8 (Flyball, 8LD, EV 76.2 MPH)
|
|
Batting: SHB Ian Arlotta
|
0-0: Foul Ball, location: 2F 0-1: Swinging Strike 0-2: Ball 1-2: SINGLE (Groundball, 3S, EV 61.9 MPH) (infield hit)
|
|
Batting: RHB Mike Shook
|
0-0: Called Strike Ian Arlotta steals 2nd base 0-1: Ball 1-1: Ball 2-1: Foul Ball, location: 2F 2-2: DOUBLE (Line Drive, 9LM, EV 100.0 MPH) Ian Arlotta scores
|
|
Pitching: RHP Jean-Pierre Carpentier
|
|
|
Batting: RHB Ingidayehu Lagat
|
0-0: Ball 1-0: Ball 2-0: DOUBLE (Line Drive, 9LM, EV 88.8 MPH) Mike Shook scores
|
|
Batting: RHB David Zelaya
|
0-0: Called Strike 0-1: Ball 1-1: Ball 2-1: Foul Ball, location: 2F 2-2: Ball 3-2: Strikes out looking
|
|
Batting: RHB Toki Takeuchi
|
0-0: Ball 1-0: Foul Ball, location: 2F 1-1: Ball 2-1: SINGLE (Groundball, 5S, EV 68.1 MPH) (infield hit) Ingidayehu Lagat to third
|
|
Batting: RHB Joe Young
|
0-0: Ball 1-0: Foul Ball, location: 2F 1-1: Foul Ball, location: 2F 1-2: Strikes out swinging
|
| Bottom of the 4th over - 2 runs, 4 hits, 0 errors, 2 left on base; Binghamton 0 - Atlanta (MID) 6 |
| TOP OF THE 5TH |
|
Binghamton Mets batting - Pitching for Atlanta (MID) Braves : LHP Marco Berrios
|
|
Batting: RHB Chris Artz
|
0-0: Ball 1-0: Called Strike 1-1: Ball 2-1: Ball 3-1: Foul Ball, location: 2F 3-2: Ground out 5-3 (Groundball, 5L, EV 98.1 MPH)
|
|
Batting: SHB Jerry Burrows
|
0-0: Called Strike 0-1: Swinging Strike 0-2: Ball 1-2: SINGLE (Groundball, 56D, EV 105.0 MPH)
|
|
Batting: SHB Keith Casner
|
0-0: Ground out 6-3 (Groundball, P, EV 94.4 MPH) Jerry Burrows to second
|
|
Batting: RHB Mike Hanks
|
0-0: Ball 1-0: Foul Ball, location: 2F 1-1: Swinging Strike 1-2: Strikes out swinging
|
| Top of the 5th over - 0 runs, 1 hit, 0 errors, 1 left on base; Binghamton 0 - Atlanta (MID) 6 |
| BOTTOM OF THE 5TH |
|
Atlanta (MID) Braves batting - Pitching for Binghamton Mets : RHP Jean-Pierre Carpentier
|
|
Batting: LHB Erik Gretzky
|
0-0: Ball 1-0: Ball 2-0: Ball 3-0: Called Strike 3-1: Swinging Strike 3-2: Base on Balls
|
|
Batting: SHB Richello Badua
|
0-0: Ball 1-0: Fielders Choice at 2nd, 1-6 (Groundball, 13, EV 66.2 MPH)
|
|
Batting: RHB Brandon Burrell
|
0-0: Ball Richello Badua is caught stealing 2nd base 2-4 1-0: Ball 2-0: Ball 3-0: Base on Balls
|
|
Batting: SHB Ian Arlotta
|
0-0: Called Strike 0-1: Called Strike 0-2: Ball 1-2: Ball 2-2: Foul Ball, location: 2F 2-2: Fly out, F7 (Flyball, 7, EV 96.9 MPH)
|
| Bottom of the 5th over - 0 runs, 0 hits, 0 errors, 1 left on base; Binghamton 0 - Atlanta (MID) 6 |
| TOP OF THE 6TH |
|
Binghamton Mets batting - Pitching for Atlanta (MID) Braves : LHP Marco Berrios
|
|
Batting: RHB Jim Freels
|
0-0: Ball 1-0: Ball 2-0: Ground out 5-3 (Groundball, 5, EV 89.4 MPH)
|
|
Batting: RHB Oscar Bravo
|
0-0: Called Strike 0-1: Called Strike 0-2: Foul Ball, location: 2F 0-2: Ball 1-2: Foul Ball, location: 2F 1-2: Strikes out swinging
|
|
Batting: RHB Jack Nickleberry
|
0-0: Called Strike 0-1: Called Strike 0-2: Foul Ball, location: 2F 0-2: Ball 1-2: Ball 2-2: Ball 3-2: SINGLE (Groundball, 6MD, EV 103.1 MPH)
|
|
Batting: SHB Masatoshi Akahoshi
|
Pickoff Throw to First - Out! 1-3 CS
|
| Top of the 6th over - 0 runs, 1 hit, 0 errors, 0 left on base; Binghamton 0 - Atlanta (MID) 6 |
| BOTTOM OF THE 6TH |
|
Atlanta (MID) Braves batting - Pitching for Binghamton Mets : RHP Jean-Pierre Carpentier
|
|
Batting: RHB Mike Shook
|
0-0: Ball 1-0: Called Strike 1-1: Foul Ball, location: 2F 1-2: Strikes out swinging
|
|
Batting: RHB Ingidayehu Lagat
|
0-0: Called Strike 0-1: Ball 1-1: Ground out U3 (Groundball, 13, EV 90.0 MPH)
|
|
Batting: RHB David Zelaya
|
0-0: Ball 1-0: Called Strike 1-1: Ground out 6-3 (Groundball, 6, EV 102.5 MPH)
|
| Bottom of the 6th over - 0 runs, 0 hits, 0 errors, 0 left on base; Binghamton 0 - Atlanta (MID) 6 |
| TOP OF THE 7TH |
|
Binghamton Mets batting - Pitching for Atlanta (MID) Braves : LHP Marco Berrios
|
|
Batting: SHB Masatoshi Akahoshi
|
0-0: Fly out, F8 (Flyball, 8LD, EV 105.0 MPH)
|
|
Batting: SHB Alex Cavazos
|
0-0: Ball 1-0: SOLO HOME RUN (Flyball, 78XD, EV 102.5 MPH), Distance : 404 ft
|
|
Batting: RHB Chris Artz
|
0-0: Ground out 5-3 (Groundball, 56S, EV 71.2 MPH)
|
|
Batting: SHB Jerry Burrows
|
0-0: Foul Ball, location: 2F 0-1: Ground out 3-1 (Groundball, 34S, EV 86.9 MPH)
|
| Top of the 7th over - 1 run, 1 hit, 0 errors, 0 left on base; Binghamton 1 - Atlanta (MID) 6 |
| BOTTOM OF THE 7TH |
|
Atlanta (MID) Braves batting - Pitching for Binghamton Mets : RHP Jean-Pierre Carpentier
|
|
Pitching: LHP Jared Deckard
|
|
|
Batting: RHB Toki Takeuchi
|
0-0: Called Strike 0-1: Foul Ball, location: 2F 0-2: Fly out, F6 (Flyball, 56D, EV 85.6 MPH)
|
|
Batting: RHB Joe Young
|
0-0: Called Strike 0-1: Ball 1-1: Foul Ball, location: 2F 1-2: Ball 2-2: Ball 3-2: Strikes out swinging
|
|
Batting: LHB Erik Gretzky
|
0-0: Foul Ball, location: 2F 0-1: Ball 1-1: Foul Ball, location: 2F 1-2: Ball 2-2: SINGLE (Groundball, 4MD, EV 106.2 MPH)
|
|
Batting: SHB Richello Badua
|
0-0: Ball Erik Gretzky steals 2nd base 1-0: Ball 2-0: SINGLE (Line Drive, 4MD, EV 95.6 MPH) Erik Gretzky to third Runner from 3rd tries for Home, throw by CF and OUT! 8-2
|
| Bottom of the 7th over - 0 runs, 2 hits, 0 errors, 1 left on base; Binghamton 1 - Atlanta (MID) 6 |
| TOP OF THE 8TH |
|
Binghamton Mets batting - Pitching for Atlanta (MID) Braves : LHP Marco Berrios
|
|
Batting: SHB Keith Casner
|
0-0: Ground out 6-3 (Groundball, 6, EV 91.2 MPH)
|
|
Batting: RHB Mike Hanks
|
0-0: Called Strike 0-1: Foul Ball, location: 2F 0-2: Foul Ball, location: 2F 0-2: Strikes out looking
|
|
Batting: RHB Jim Freels
|
0-0: Called Strike 0-1: Foul Ball, location: 2F 0-2: Strikes out swinging
|
| Top of the 8th over - 0 runs, 0 hits, 0 errors, 0 left on base; Binghamton 1 - Atlanta (MID) 6 |
| BOTTOM OF THE 8TH |
|
Atlanta (MID) Braves batting - Pitching for Binghamton Mets : LHP Jared Deckard
|
|
Batting: RHB Brandon Burrell
|
0-0: Swinging Strike 0-1: Ball 1-1: Ball 2-1: Called Strike 2-2: Fly out, F8 (Flyball, 8RM, EV 80.6 MPH)
|
|
Batting: SHB Ian Arlotta
|
0-0: Ball 1-0: Swinging Strike 1-1: Ball 2-1: Ball 3-1: Base on Balls
|
|
Batting: RHB Mike Shook
|
0-0: Called Strike 0-1: Foul Ball, location: 2F 0-2: Strikes out swinging
|
|
Pitching: RHP Gabe Kelso
|
|
|
Batting: RHB Ingidayehu Lagat
|
0-0: Ball Ian Arlotta steals 2nd base 1-0: Foul Ball, location: 2F 1-1: Ball 2-1: Called Strike 2-2: Strikes out swinging
|
| Bottom of the 8th over - 0 runs, 0 hits, 0 errors, 1 left on base; Binghamton 1 - Atlanta (MID) 6 |
| TOP OF THE 9TH |
|
Binghamton Mets batting - Pitching for Atlanta (MID) Braves : LHP Marco Berrios
|
|
Batting: RHB Oscar Bravo
|
0-0: Ball 1-0: Swinging Strike 1-1: SINGLE (Groundball, 6D, EV 95.6 MPH)
|
|
Batting: RHB Jack Nickleberry
|
0-0: Called Strike 0-1: Fielders Choice at 2nd, 3-6 (Groundball, 3, EV 109.4 MPH)
|
|
Batting: SHB Masatoshi Akahoshi
|
0-0: Called Strike 0-1: Ball 1-1: DOUBLE (Line Drive, 7LS, EV 96.9 MPH) Jack Nickleberry to third
|
|
Batting: SHB Alex Cavazos
|
0-0: SINGLE (Line Drive, 7LS, EV 85.6 MPH) Jack Nickleberry scores Masatoshi Akahoshi to third
|
|
Pitching: LHP Shingo Miura
|
|
|
Batting: RHB Chris Artz
|
0-0: Called Strike 0-1: Ball 1-1: Ball 2-1: Ball 3-1: Fly out, F9 (Flyball, 9LD, EV 110.6 MPH) Runner from 3rd tags up, SCORES, no throw by RF
|
|
Batting: SHB Jerry Burrows
|
0-0: Called Strike 0-1: SINGLE (Groundball, 56D, EV 96.9 MPH) Alex Cavazos to second
|
|
Batting: SHB Keith Casner
|
0-0: Called Strike 0-1: Foul Ball, location: 2F 0-2: Strikes out swinging
|
| Top of the 9th over - 2 runs, 4 hits, 0 errors, 2 left on base; Binghamton 3 - Atlanta (MID) 6 |
|